 Dungeon Crawl Stone Soup version 0.28-a0-1447-ga5a8893891 (webtiles) character file.

Game seed: 13850420151864893694

33 croobank the Insei (level 3, 0/29 HPs)
             Began as a Draconian Transmuter on Jan 10, 2022.
             Slain by a worm (7 damage)
             ... on level 2 of the Dungeon.
             The game lasted 00:03:48 (1080 turns).

croobank the Insei (Draconian Transmuter)           Turns: 1080, Time: 00:03:50

Health: 0/29       AC:  6    Str: 12    XL:     3   Next: 12%
Magic:  5/6        EV: 12    Int: 13    God:
Gold:   48         SH:  0    Dex: 13    Spells: 3/6 levels left

rFire   + . .      SeeInvis .   j - +0 whip
rCold   . . .      Faith    .   (no shield)
rNeg    . . .      Spirit   .   (armour unavailable)
rPois   .          Reflect  .   (helmet restricted)
rElec   .          Harm     .   (no cloak)
rCorr   .          Rampage  .   k - +0 pair of gloves
Will    .....                   (no boots)
Stlth   +.........              (no amulet)
HPRegen 0.09/turn               e - ring of protection from fire
MPRegen 0.10/turn               (no ring)

@: no status effects
A: AC +5, unfitting armour, cold-blooded
a: no special abilities


You were on level 2 of the Dungeon.
You visited 1 branch of the dungeon, and saw 2 of its levels.

You collected 48 gold pieces.

Inventory:

Hand Weapons
 c - a +0 short sword
 j - a +0 whip (weapon)
Missiles
 b - 21 stones
Armour
 k - a +0 pair of gloves (worn)
Jewellery
 e - a ring of protection from fire (left hand)
Scrolls
 a - a scroll of vulnerability {unknown}
 d - a scroll of blinking {unknown}
 f - a scroll of teleportation {unknown}
 h - a scroll of amnesia {unknown}
Potions
 g - a potion of mutation {unknown}
 i - 2 potions of heal wounds {unknown}


   Skills:
 + Level 1.7 Fighting
 + Level 2.1 Dodging
 + Level 3.2 Unarmed Combat
 + Level 2.3 Spellcasting
 + Level 2.3 Transmutations


You had 3 spell levels left.
You knew the following spells:

 Your Spells              Type           Power      Damage    Failure   Level
a - Beastly Appendage     Tmut           14%        N/A       10%         1
b - Wereblood             Tmut           7%         N/A       14%         2

Your spell library contained the following spells:

 Spells                   Type           Power      Damage    Failure   Level
 Spider Form              Tmut/Pois      4%         N/A       41%         3
 Ice Form                 Ice/Tmut       4%         N/A       83%         4


Dungeon Overview and Level Annotations

Branches:
Dungeon (2/15)

Altars:


Innate Abilities, Weirdness & Mutations

Your plain brown scales are hard. (AC +5)
You cannot fit into any form of body armour.
You are cold-blooded and may be slowed by cold attacks.


Message History

A jackal comes into view.
The worm bites you.
You hit the worm.
The worm is severely wounded.
Your primal bloodlust is almost over.
A frilled lizard comes into view.
The worm barely misses you.
You barely miss the worm.
The worm is heavily wounded.
You hit the worm.
The worm is severely wounded.
The adder closely misses you.
The jackal bites you but does no damage.
The adder closely misses you. The worm bites you.
You barely miss the adder.
The jackal bites you but does no damage.
The adder bites you.
You are poisoned.
The adder poisons you!
The jackal bites you but does no damage.
You miss the adder.
You feel sick. The adder closely misses you.
The jackal bites you but does no damage.
The worm closely misses you. The adder barely misses you.
You barely miss the adder.
You howl as the wereblood boils in your veins!
Your primal bloodlust has ended.
You feel sick.
The jackal bites you but does no damage.
The adder closely misses you. The jackal misses you. The worm bites you.
You barely miss the adder.
Your tail-slap misses the adder.
You feel sick. The adder closely misses you.
The jackal bites you but does no damage.
A jackal comes into view.
You barely miss the adder.
You tail-slap the adder, but do no damage.
You feel sick.
You are no longer poisoned.
The jackal bites you but does no damage.
The adder barely misses you. The worm bites you!
You die...

#.# #.#
#.##
####..#
#.###.##
#.###..##
#.†.†.S.#
#S####..#
#@# ...#
#....wh#
##.#
.......l.
..
.#...h###.
.## ###..
+# .. #.?
. ##


You could see a worm, an adder, 2 jackals and a frilled lizard.

Vanquished Creatures
  An adder (D:2)
  A worm (D:2)
  4 ball pythons
  2 endoplasms (D:1)
  3 hobgoblins (D:1)
  3 jackals (D:2)
  A bat (D:1)
  4 frilled lizards (D:1)
  A kobold (D:1)
  2 rats (D:1)
22 creatures vanquished.

Notes
Turn   | Place    | Note
-------+----------+-------------------------------------------
     0 | D:1      | croobank the Draconian Transmuter began the quest for the
                  | Orb.
     0 | D:1      | Reached XP level 1. HP: 16/16 MP: 3/3
   376 | D:1      | Reached XP level 2. HP: 18/23 MP: 5/5
   529 | D:1      | Learned a level 2 spell: Wereblood
   965 | D:2      | Reached XP level 3. HP: 18/29 MP: 6/6
  1080 | D:2      | Slain by a worm

Illustrated notes

Levels and vault maps discovered:
D:1:      minmay_arrival_shoal_huts, layout_basic
D:2:      layout_basic, hellmonk_ecumenical_altar_blasted

Skill      XL: |  1  2 |
---------------+-------+-----
Dodging        | 2 |  2.1
Fighting       | |  1.7
Unarmed Combat | |  3.2
Spellcasting   | |  2.3
Transmutations | |  2.3

Action                   || total
-------------------------++-------
Melee: Short sword       ||    21
       Unarmed           ||    10
       Kick              ||     8
       Headbutt          ||     7
       Tailslap          ||     7
       Punch             ||     1
       Whip              ||    28
 Cast: Beastly Appendage ||    15
       Wereblood         ||     1
Armor: Skin              ||    21
Dodge: Dodged            ||    44

Table legend: (Time is in decaauts)
 A = Elapsed time spent in this place.
 B = Non-inter-level travel time spent in this place.
 C = Inter-level travel time spent in this place.
 D = Time resting spent in this place.
 E = Time spent auto-exploring this place.
 F = Levels seen in this place.
 G = Mean time per level.
                   A        B        C        D        E       F      G
               +--------+--------+--------+--------+--------+-----+--------+
         Total |   1085 |   1059 |     26 |     66 |    743 |   2 |  542.5 |
       Dungeon |   1085 |   1059 |     26 |     66 |    743 |   2 |  542.5 |
               +--------+--------+--------+--------+--------+-----+--------+

Top non-repeatable levels by time:
     D:1: 723 daAuts
     D:2: 361 daAuts
